 Dungeon Crawl Stone Soup version 0.25-a0-697-g890751e744 (webtiles) character file.

Game seed: 1972150589675143377, levelgen mode: deterministic

1185 Ashen the Gusty (level 8, -5/48 HPs)
             Began as a Tengu Air Elementalist on Apr 1, 2020.
             Slain by a wyvern zombie (8 damage)
             ... on level 6 of the Dungeon.
             The game lasted 00:16:47 (6236 turns).

Ashen the Gusty (Tengu Air Elementalist)            Turns: 6236, Time: 00:16:48

Health: -5/48      AC:  3    Str:  9    XL:     8   Next: 42%
Magic:  2/24       EV: 18    Int: 18    God:
Gold:   129        SH:  0    Dex: 16    Spells: 9/15 levels left

rFire    . . .     SeeInvis .   i - +1 whip
rCold    . . .     Gourm    .   (no shield)
rNeg     . . .     Faith    .   a - +1 robe
rPois    +         Spirit   .   (helmet restricted)
rElec    .         Reflect  .   (no cloak)
rCorr    .         Harm     .   (no gloves)
MR       .....                  (boots unavailable)
Stlth    ++........             (no amulet)
HPRegen  0.16/turn              w - ring of Qicielur {MP+9 Dex+2}
MPRegen  0.19/turn              m - ring of poison resistance

@: flying quickly and evasively, quick
A: beak, talons 3, able to fly
a: Stop Flying


You were on level 6 of the Dungeon.
You were hungry.

You visited 1 branch of the dungeon, and saw 6 of its levels.

You collected 441 gold pieces.
You spent 312 gold pieces at shops.

Inventory:

Hand Weapons
 i - a +1 whip (weapon)
Armour
 a - a +1 robe (worn)
 r - a +0 tower shield
Jewellery
 h - a +5 ring of strength
 m - a ring of poison resistance (right hand)
 v - an uncursed ring of magical power
 w - the ring of Qicielur (left hand) {MP+9 Dex+2}
   (You bought it in a shop on level 5 of the Dungeon)

   [ring of magical power]

   It affects your dexterity (+2).
   It affects your magic capacity (+9).
Scrolls
 g - 3 scrolls of identify
 j - 4 scrolls of remove curse
 k - a scroll of teleportation
 q - 2 scrolls of amnesia
Potions
 b - 2 potions of magic
 e - 5 potions of lignification {unknown}
 o - a potion of haste {unknown}
 p - 2 potions of resistance {unknown}
 s - 2 potions of curing {unknown}
 u - a potion of stabbing {unknown}
 x - a potion of berserk rage {unknown}
 z - a potion of mutation {unknown}
Comestibles
 c - 11 rations


   Skills:
 + Level 4.0 Fighting
 + Level 5.0 Dodging
 - Level 3.0 Stealth
 + Level 4.3 Spellcasting
 + Level 5.5 Conjurations
 + Level 6.9 Air Magic


You had 9 spell levels left.
You knew the following spells:

 Your Spells              Type           Power        Failure   Level  Hunger
a - Shock                 Conj/Air       ####         1%          1    None
b - Swiftness             Chrm/Air       ###.....     5%          2    ##.....
c - Static Discharge      Conj/Air       ####....     3%          3    ###....

Your spell library contained the following spells:

 Spells                   Type           Power        Failure   Level  Hunger
 Airstrike                Air            ####......   9%          4    ####...
 Lightning Bolt           Conj/Air       ####......   30%         5    ######.


Dungeon Overview and Level Annotations

Branches:
Dungeon (6/15)
 Temple: D:4-7

Altars:
Dithmenos
Gozag
Hepliaklqana
Makhleb
Okawaru
Uskayaw
Wu Jian
Zin

Shops:
D:5 =

Annotations:
D:4 exclusion: ice beast
D:5 Dowan


Innate Abilities, Weirdness & Mutations

You have a beak for a mouth.
You have claws for feet.
You can fly continuously.


Message History

The wyvern zombie closely misses you. The wyvern zombie bites you.
* * * LOW HITPOINT WARNING * * *
Casting: Shock (safe; 1% risk of failure)
Confirm with . or Enter, or press ? or * to list all spells.
Aiming: Shock (safe; 1% risk of failure)
Press: ? - help, Shift-Dir - straight line, f/p - wyvern zombie
Aim: a wyvern zombie (heavily damaged)
The zap hits the wyvern zombie!
The wyvern zombie is severely damaged.
The wyvern zombie bites you!
* * * LOW HITPOINT WARNING * * *
Casting: Shock (safe; 1% risk of failure)
Confirm with . or Enter, or press ? or * to list all spells.
Aiming: Shock (safe; 1% risk of failure)
Press: ? - help, Shift-Dir - straight line, f/p - wyvern zombie
Aim: a wyvern zombie (severely damaged)
The zap hits the wyvern zombie.
The wyvern zombie is almost destroyed.
The wyvern zombie bites you!
You die...

.......[. ......... . ...)..).#
#.........# ... ........#
#......##.# #... ........###
#...#...#.## #... .%.....)..#
#..........# #...
.......)..###........).####...
..........#.......÷...........
#............................
#.....(....Z@....÷.÷.........
#...§............#...........
##...............#÷..##.#.....
#....†...(....................
#.............................
#........##...................
#......^.##..................)
##...#####................###.
####...#.(...................##.


You could see a wyvern zombie.

Vanquished Creatures
  A phantom (D:5)
  2 centaurs
  A bullfrog (D:5)
  3 scorpions
  2 howler monkeys (D:5)
  A crimson imp (D:5)
  2 hounds
  3 orc priests
  4 orc wizards
  2 iguanas
  4 worker ants
  A killer bee zombie (D:5)
  6 adders
  An ooze (D:2)
  5 worms
  2 dart slugs (D:1)
  5 leopard geckos
  18 orcs
  7 bats
  7 giant cockroaches
  6 goblins
  4 hobgoblins
  8 jackals
  4 quokkas
  A ball python (D:2)
  2 frilled lizards (D:1)
  A jackal zombie (D:6)
  5 kobolds
  A leopard gecko skeleton (D:5)
  12 rats
121 creatures vanquished.

Notes
Turn   | Place    | Note
-------+----------+-------------------------------------------
     0 | D:1      | Ashen the Tengu Air Elementalist began the quest for the
                  | Orb.
     0 | D:1      | Reached XP level 1. HP: 10/10 MP: 4/4
   179 | D:1      | Reached XP level 2. HP: 16/16 MP: 3/6
   829 | D:2      | Reached XP level 3. HP: 20/20 MP: 3/7
  1654 | D:2      | Reached skill level 1 in Fighting
  1901 | D:2      | Reached XP level 4. HP: 25/25 MP: 5/8
  2365 | D:3      | Gained mutation: You can fly continuously. [Tengu growth]
  2365 | D:3      | Reached XP level 5. HP: 13/29 MP: 0/9
  2638 | D:3      | Found a shadowy altar of Dithmenos,
  3244 | D:4      | Found an iron altar of Okawaru,
  3395 | D:4      | Reached skill level 5 in Air Magic
  3429 | D:4      | Learned a level 2 spell: Swiftness
  3433 | D:4      | Learned a level 3 spell: Static Discharge
  3578 | D:4      | Found an ornate altar of the Wu Jian Council,
  3627 | D:4      | Found a hazy altar of Hepliaklqana,
  3708 | D:4      | Reached XP level 6. HP: 14/35 MP: 3/11
  3943 | D:4      | Noticed an ice beast
  4162 | D:4      | Found a burning altar of Makhleb,
  4336 | D:4      | Found a glowing silver altar of Zin,
  4337 | D:4      | Found an opulent altar of Gozag,
  4446 | D:5      | Entered Level 5 of the Dungeon
  4576 | D:5      | Noticed Dowan
  4986 | D:5      | Reached XP level 7. HP: 40/40 MP: 13/13
  5278 | D:5      | Reached skill level 6 in Air Magic
  5544 | D:5      | Noticed a +0 hand axe
  5544 | D:5      | Noticed a +0 dagger
  5545 | D:5      | Found a hide-covered altar of Uskayaw,
  5636 | D:5      | Found Daseuxt's Jewellery Shoppe,
  5644 | D:5      | Bought the ring of Qicielur {MP+9 Dex+2} for 312 gold
                  | pieces
  5872 | D:6      | Reached XP level 8. HP: 41/46 MP: 12/15
  5951 | D:6      | Reached skill level 5 in Conjurations
  6198 | D:6      | Reached skill level 5 in Dodging
  6236 | D:6      | Slain by a wyvern zombie

Levels and vault maps discovered:
D:1:      dpeg_arrival_rooms_b, layout_rooms, minmay_circled_x
D:2:      layout_basic
D:3:      layout_basic, nicolae_dithmenos_shadow_blocks, first_ration
D:4:      minmay_chambers_of_twos, layout_loops_ring,
          grunt_temple_overflow_gold_and_silver, kennysheep_okawaru_gauntlet,
          kennysheep_little_box, lemuel_coloured_pillars_altar, bloody_makhleb
D:5:      layout_basic, dancing_weapons_uskayaw, serial_shops,
          nicolae_shop_crystal, uniq_duvessa
D:6:      layout_basic

Skill      XL: |  1  2  3  4  5  6  7  8 |
---------------+-------------------------+-----
Conjurations   | 2 3 4 5 |  5.5
Fighting       | 1 2 3 4 |  4.0
Dodging        | 3 4 5 |  5.0
Stealth        | 3 |  3.0
Air Magic      | 5 6 |  6.9
Spellcasting   | 3 4 |  4.3

Action                   |  1- 3 |  4- 6 |  7- 9 || total
-------------------------+-------+-------+-------++-------
Melee: Unarmed           |     4 |       |       ||     4
       Whip              |    35 |    48 |     4 ||    87
       Kick              |     7 |     9 |     2 ||    18
       Peck              |     2 |     8 |       ||    10
 Cast: Shock             |    61 |   117 |   142 ||   320
 Abil: Evoke Flight      |     1 |       |       ||     1
       Fly               |       |     1 |       ||     1
  Use: Scroll            |       |       |     9 ||     9
 Stab: Sleeping          |     1 |     6 |       ||     7
  Eat: Chunk             |     1 |     9 |     3 ||    13
       Ration            |     1 |       |       ||     1
Armor: Robe              |     6 |     4 |     4 ||    14
Dodge: Dodged            |    34 |    64 |    44 ||   142

Table legend:
 A = Non-vault XP
 B = Vault XP
 C = Vault XP percentage of total XP
 D = Non-vault monster count
 E = Vault monster count
 F = Vault count percentage of total count
                 A         B        C        D         E       F
            +---------+---------+-------+---------+---------+-------
      Total |    1631 |      62 |   3.7 |     112 |       9 |   7.4
            +---------+---------+-------+---------+---------+-------
        D:1 |      20 |       9 |  31.0 |      12 |       4 |  25.0
        D:2 |      67 |       0 |   0.0 |      29 |       0 |   0.0
        D:3 |     134 |       0 |   0.0 |      16 |       0 |   0.0
        D:4 |     195 |      53 |  21.4 |      16 |       5 |  23.8
        D:5 |     685 |       0 |   0.0 |      18 |       0 |   0.0
        D:6 |     530 |       0 |   0.0 |      21 |       0 |   0.0
            +---------+---------+-------+---------+---------+-------
